 Dungeon Crawl Stone Soup version 0.29-a0-1016-g236c7fd91e (webtiles) character file.

Game seed: 4467903726372263000

39 Mesmaeker13 the Insei (level 3, -1/23 HPs)
             Began as an Octopode Transmuter on Aug 9, 2022.
             Splashed by a jelly's acid (8 damage)
             ... on level 2 of the Dungeon.
             The game lasted 00:01:03 (1408 turns).

Mesmaeker13 the Insei (Octopode Transmuter)         Turns: 1408, Time: 00:01:04

Health: -1/23      AC: -3    Str:  9    XL:     3   Next: 45%
Magic:  4/6        EV: 13    Int: 17    God:
Gold:   31         SH:  0    Dex: 12    Spells: 4/7 levels left

rFire   . . .      SeeInvis .     - Unarmed
rCold   . . .      Faith    .   (no shield)
rNeg    . . .      Spirit   .   (helmet currently unavailable)
rPois   .          Reflect  .   (no amulet)
rElec   .          Harm     .   (no ring)
rCorr   .          Rampage  .   (no ring)
Will    .....                   (no ring)
Stlth   ++........              (no ring)
HPRegen 0.07/turn               (no ring)
MPRegen 0.10/turn               (no ring)
                                (no ring)
                                (no ring)

@: appendages, wereblooded, corroded
A: tentacle spike 3, almost no armour, amphibious, 8 rings, camouflage 1,
gelatinous body 1, (nimble swimmer 1), tentacles
a: End Transformation


You were on level 2 of the Dungeon.
One of your tentacles had grown a beastly spike.
You visited 1 branch of the dungeon, and saw 2 of its levels.

You collected 31 gold pieces.

Inventory:

Scrolls
 b - 3 scrolls of teleportation {unknown}
 c - a scroll of fear {unknown}
 d - 3 scrolls of identify {unknown}
Potions
 a - a potion of lignification
 e - 2 potions of cancellation {unknown}


   Skills:
 - Level 1.0 Fighting
 - Level 2.0 Dodging
 + Level 3.5 Unarmed Combat
 + Level 2.5 Spellcasting
 + Level 2.6 Transmutations


You had 4 spell levels left.
You knew the following spells:

 Your Spells              Type           Power      Damage    Failure   Level
a - Beastly Appendage     Tmut           22%        N/A       6%          1
b - Wereblood             Tmut           11%        N/A       10%         2

Your spell library contained the following spells:

 Spells                   Type           Power      Damage    Failure   Level
 Spider Form              Tmut/Pois      6%         N/A       32%         3
 Ice Form                 Ice/Tmut       6%         N/A       71%         4


Dungeon Overview and Level Annotations

Branches:
Dungeon (2/15)

Altars:

Shops:
D:1 [


Innate Abilities, Weirdness & Mutations

One of your tentacles has grown a beastly spike.
You cannot wear most types of armour.
You are amphibious.
You can wear up to eight rings at the same time.
Your skin changes colour to match your surroundings (Stealth+).
Your rubbery body absorbs attacks. (AC +1, EV +1)
((You are camouflaged when in or above water. (Stealth+)))
You have tentacles for arms and can constrict up to eight enemies at once.


Message History

You tentacle-slap the hobgoblin but do no damage.
Your grab misses the hobgoblin. You squeeze the hobgoblin.
The hobgoblin is moderately wounded.
The hobgoblin closely misses you.
You tentacle-slap the hobgoblin but do no damage.
Your grab misses the hobgoblin.
The hobgoblin is moderately wounded.
The hobgoblin closely misses you.
You tentacle-slap the hobgoblin. You grab the hobgoblin.
You squeeze the hobgoblin, but do no damage.
The hobgoblin is heavily wounded.
You constrict the hobgoblin, but do no damage.
The hobgoblin hits you.
You tentacle-slap the hobgoblin.
You feel a bit better.
You kill the hobgoblin!
The hobgoblin hits you.
You tentacle-slap the hobgoblin. Your grab misses the hobgoblin.
Your tentacle spike misses the hobgoblin.
Your squeeze misses the hobgoblin.
The hobgoblin is moderately wounded.
The hobgoblin closely misses you.
You closely miss the hobgoblin. Your grab misses the hobgoblin.
Your tentacle spike misses the hobgoblin.
The hobgoblin is moderately wounded.
You howl as the wereblood boils in your veins!
You hear an angry hiss.
A goblin comes into view. It is wielding a +0 club.
The hobgoblin closely misses you.
You tentacle-slap the hobgoblin. You grab the hobgoblin.
Your tentacle spike misses the hobgoblin.
You squeeze the hobgoblin.
You feel a bit better.
You kill the hobgoblin!
Your tentacle spike disappears.
Casting: Wereblood (safe; 10% risk of failure)
Confirm with . or Enter, or press ? or * to list all spells.
One of your tentacles grows a vicious spike.
You hear an angry hiss.
The jelly hits you. The acid corrodes you!
You are splashed with acid!
The jelly hits you.
You are splashed with acid!
You die...

... #.# #.# #.. ..# #.#
#.# ###.# #.# ...# #.#
#?.#######.####.#######
........J†............#
.......##@.........#.##
.#####. #.#####.##.#.#
#. #.# #.##.#.# #. ..#
#.##.#.# #...g.
####.#.# .##..# #.#.# #
#... #.#<# .##. #.### #
.


You could see a jelly and a goblin.

Vanquished Creatures
  A dart slug (D:1)
  A bat (D:1)
  2 endoplasms (D:1)
  2 giant cockroaches (D:1)
  5 goblins
  7 hobgoblins
  3 jackals (D:1)
  3 kobolds (D:1)
  A quokka (D:1)
  A ball python (D:1)
  5 rats (D:1)
31 creatures vanquished.

Notes
Turn   | Place    | Note
-------+----------+-------------------------------------------
     0 | D:1      | Mesmaeker13 the Octopode Transmuter began the quest for the
                  | Orb.
     0 | D:1      | Reached XP level 1. HP: 13/13 MP: 3/3
   150 | D:1      | Found a faded altar of an unknown god.
   201 | D:1      | Reached XP level 2. HP: 18/18 MP: 3/5
   565 | D:1      | Reached XP level 3. HP: 17/23 MP: 4/6
   698 | D:1      | Learned a level 2 spell: Wereblood
   856 | D:1      | Found Lineol's Antique Armour Emporium.
  1408 | D:2      | Splashed by a jelly's acid

Illustrated notes

Levels and vault maps discovered:
D:1:      mushboom_english_gardens, layout_basic,
          shapermc_ecumenical_altar_mp_urbaneastern, serial_shops,
          nicolae_lakefront_shop, minivault_5
D:2:      layout_basic, minmay_vboxes, uniq_terence

Action                   || total
-------------------------++-------
Melee: Unarmed           ||    61
       Constrict         ||    20
       Kick              ||    12
       Tentacles         ||    14
       Punch             ||     5
 Cast: Beastly Appendage ||    19
       Wereblood         ||     1
 Stab: Sleeping          ||     3
Armor: Skin              ||     3
Dodge: Dodged            ||    41

Table legend: (Time is in decaauts)
 A = Elapsed time spent in this place.
 B = Non-inter-level travel time spent in this place.
 C = Inter-level travel time spent in this place.
 D = Time resting spent in this place.
 E = Time spent auto-exploring this place.
 F = Levels seen in this place.
 G = Mean time per level.
                   A        B        C        D        E       F      G
               +--------+--------+--------+--------+--------+-----+--------+
         Total |   1403 |   1383 |     20 |     11 |   1162 |   2 |  701.5 |
       Dungeon |   1403 |   1383 |     20 |     11 |   1162 |   2 |  701.5 |
               +--------+--------+--------+--------+--------+-----+--------+

Top non-repeatable levels by time:
     D:1: 1364 daAuts
     D:2: 39 daAuts
